 Dungeon Crawl Stone Soup version 0.21.1-1-g345015fe64 (webtiles) character file.

2464 werns the Reanimator (level 9, -9/68 HPs)
             Began as a Ghoul Necromancer on June 11, 2018.
             Was an Initiate of Vehumet.
             Mangled by a yak (12 damage)
             ... on level 1 of the Lair of Beasts.
             The game lasted 01:53:39 (8536 turns).

werns the Reanimator (Ghoul Necromancer)            Turns: 8536, Time: 01:53:40

Health: -9/68      AC:  7    Str: 12    XL:     9   Next: 50%
Magic:  12/17      EV: 13    Int: 13    God:    Vehumet [......]
Gold:   496        SH:  0    Dex: 14    Spells: 7/21 levels left

rFire    . . .     SeeInvis .     - Unarmed
rCold    + . .     Gourm    .   (no shield)
rNeg     + + +     Faith    .   a - +1 robe
rPois    ∞         Spirit   .   l - +0 helmet
rElec    .         Reflect  .   m - +1 cloak
rCorr    +         Harm     .   (no gloves)
MR       .....                  i - +0 pair of boots
Stlth    ++........             (no amulet)
HPRegen  0.00/turn              s - +5 ring of dexterity
MPRegen  0.15/turn              y - ring of resist corrosion

@: rotting
A: rotting body, claws 1, carnivore, cold resistance 1, negative energy
resistance 3, inhibited regeneration, torment resistance, unbreathing
a: Renounce Religion


You were on level 1 of the Lair of Beasts.
You worshipped Vehumet.
Vehumet was noncommittal.
You were not hungry.

You visited 3 branches of the dungeon, and saw 13 of its levels.

You collected 496 gold pieces.

Inventory:

Hand Weapons
 k - a +2 quarterstaff of chaos
 n - a +5 dagger of electrocution {Electrominator}
 q - a +0 mace
 x - a +2 flail of crushing
Missiles
 w - 48 stones (quivered)
Armour
 a - a +1 robe (worn)
 i - a +0 pair of boots (worn)
 l - a +0 helmet (worn)
 m - a +1 cloak (worn)
 v - a +0 helmet
Jewellery
 s - a +5 ring of dexterity (left claw)
 y - a ring of resist corrosion (right claw)
 z - an uncursed ring of positive energy
Wands
 g - a wand of enslavement (8)
Scrolls
 e - 3 scrolls of amnesia
 f - a scroll of identify
 h - a scroll of fear {unknown}
 j - a scroll of remove curse
 p - 2 scrolls of fog {unknown}
 t - 2 scrolls of teleportation
 u - a scroll of magic mapping {unknown}
Potions
 d - a potion of mutation
Books
 b - a book of Necromancy

   Spells                             Type                      Level
   a - Pain                           Necromancy                   1
   b - Animate Skeleton               Necromancy                   1
   c - Vampiric Draining              Necromancy                   3
   d - Regeneration                   Charms/Necromancy            3
   e - Animate Dead                   Necromancy                   4
   f - Borgnjor's Vile Clutch         Necromancy/Earth             5
 r - a book of Changes

   Spells                             Type                      Level
   a - Beastly Appendage              Transmutation                1
   b - Sticks to Snakes               Transmutation                2
   c - Spider Form                    Transmutation/Poison         3
   d - Ice Form                       Ice/Transmutation            4
   e - Blade Hands                    Transmutation                5
Comestibles
 c - 11 rations


   Skills:
 + Level 2.9 Fighting
 * Level 3.3 Short Blades
 + Level 2.9 Dodging
 - Level 3.0 Stealth
 - Level 1.5 Unarmed Combat
 + Level 6.5 Spellcasting
 + Level 8.9 Necromancy


You had 7 spell levels left.
You knew the following spells:

 Your Spells              Type           Power        Failure   Level  Hunger
a - Pain                  Necr           ####         1%          1    None
b - Animate Skeleton      Necr           N/A          1%          1    None
c - Borgnjor's Vile Clut  Necr/Erth      ###.......   56%         5    ######.
d - Regeneration          Chrm/Necr      ###.......   8%          3    ###....
e - Animate Dead          Necr           N/A          4%          4    ####...


Dungeon Overview and Level Annotations

Branches:
Dungeon (10/15)            Temple (1/1) D:7            Lair (2/6) D:9
  Swamp: Lair:2-4    Shoals: Lair:2-4     Snake: Lair:2-4    Spider: Lair:2-4
    Orc: D:9-12

Altars:
Ashenzari
Cheibriados
Elyvilon
Fedhas
Gozag
Hepliaklqana
Kikubaaqudgha
Makhleb
Okawaru
Qazlal
Sif Muna
Trog
Uskayaw
Vehumet
Wu Jian
Xom
Yredelemnul
Zin
The Shining One

Shops:
D:6 %

Annotations:
D:2 Sigmund
D:6 Gargoyl's ghost, novice CeAK


Innate Abilities, Weirdness & Mutations

Your body is rotting away.
You thrive on raw meat.
You are immune to poison.
You have sharp fingernails.
You are carnivorous and can eat meat at any time.
Your flesh is cold resistant. (rC+)
You are immune to negative energy. (rN+++)
You do not regenerate when monsters are visible.
You are immune to unholy pain and torment.
You can survive without breathing.


Message History

You barely miss the yak.
The yak is lightly wounded.
Casting: Pain
Confirm with . or Enter, or press ? or * to list all spells.
Aiming: Pain
Press: ? - help, Shift-Dir - straight line, f - yak
Aim: a yak (lightly wounded, chance to defeat MR: 84%)
The yak writhes in agony!
The yak gores you but does no damage. The yak gores you.
Casting: Pain
Confirm with . or Enter, or press ? or * to list all spells.
Aiming: Pain
Press: ? - help, Shift-Dir - straight line, f/p - yak
Aim: a yak (lightly wounded, chance to defeat MR: 84%)
The yak barely resists.
The yak gores you!
* * * LOW HITPOINT WARNING * * *
The yak gores you!
* * * LOW HITPOINT WARNING * * *
The yak gores you!
You die...

........ .#
........ ..###
.#...P#.#+#......
..#.............
. #..............
.. #............
###.#..........#
......YYY......#
.......@Y......#
..##.#.###.....#
# #. #.....# ..
#.........
............#.
.....##......#
.####. ......##
.# . #.....# .
......P


You could see 4 yaks.

Vanquished Creatures
  The ghost of Ethylacetat the Insei, an amateur DsCK of Xom (D:3)
  Edmund (D:4)
  Duvessa (D:5)
  A porcupine (Lair:1)
  2 sky beasts (D:6)
  3 ogres
  2 centaurs (D:6)
  2 bullfrogs
  3 scorpions
  Dowan (D:5)
  3 howler monkeys
  2 crimson imps
  A jelly (D:9)
  2 hounds
  3 orc wizards
  4 orc priests
  Crazy Yiuf (D:2)
  2 bullfrog skeletons
  2 centaur skeletons (D:5)
  2 iguanas
  4 worker ants
  A hound zombie (D:6)
  2 hound skeletons
  Robin (D:4)
  6 gnolls
  4 adders
  A shadow imp (D:8)
  An ooze (D:1)
  An adder skeleton (D:7)
  An adder zombie (D:7)
  3 worms
  A dart slug (D:3)
  4 leopard geckos
  18 orcs
  9 giant cockroaches
  11 hobgoblins
  4 jackals (D:5)
  3 quokkas
  2 ball pythons
  6 bats
  6 frilled lizards
  12 goblins
  5 kobolds
  A leopard gecko skeleton (D:7)
  2 quokka skeletons (D:4)
  5 rats
  A fungus (D:6)
154 creatures vanquished.

Vanquished Creatures (collateral kills)
  A crimson imp (D:6)
  A giant cockroach (D:6)
2 creatures vanquished.

Vanquished Creatures (others)
  A fungus (Lair:1)
1 creature vanquished.

Grand Total: 157 creatures vanquished

Notes
Turn   | Place    | Note
-------+----------+-------------------------------------------
     0 | D:1      | werns the Ghoul Necromancer began the quest for the Orb.
     0 | D:1      | Reached XP level 1. HP: 14/14 MP: 2/2
   325 | D:1      | Learned a level 1 spell: Animate Skeleton
   440 | D:1      | Reached XP level 2. HP: 18/20 MP: 3/3
   531 | D:2      | Noticed Sigmund
   782 | D:1      | Reached XP level 3. HP: 25/26 MP: 3/5
   787 | D:1      | Reached skill level 1 in Unarmed Combat
  1488 | D:3      | Noticed a scorpion
  1497 | D:3      | Killed a scorpion
  1497 | D:3      | Reached XP level 4. HP: 23/33 MP: 0/6
  1620 | D:2      | Found a white marble altar of Elyvilon.
  1672 | D:2      | Found an ancient bone altar of Kikubaaqudgha.
  1741 | D:2      | Found a basalt altar of Yredelemnul.
  1748 | D:2      | Reached skill level 1 in Fighting
  1864 | D:2      | Found a runed door.
  1868 | D:2      | Noticed Crazy Yiuf
  1874 | D:2      | Killed Crazy Yiuf
  1874 | D:2      | Reached skill level 5 in Necromancy
  1874 | D:2      | Reached XP level 5. HP: 25/40 MP: 0/7
  1915 | D:3      | Noticed Ethylacetat's ghost (amateur DsCK)
  2262 | D:3      | Reached skill level 1 in Short Blades
  2479 | D:3      | Killed Ethylacetat's ghost
  2479 | D:3      | Reached XP level 6. HP: 26/47 MP: 7/9
  2829 | D:3      | Reached skill level 6 in Necromancy
  2834 | D:3      | Reached XP level 7. HP: 46/52 MP: 8/11
  3007 | D:5      | Entered Level 5 of the Dungeon
  3078 | D:4      | Noticed Robin
  3100 | D:4      | Killed Robin
  3287 | D:4      | Noticed Edmund
  3301 | D:4      | Killed Edmund
  3452 | D:4      | Reached skill level 7 in Necromancy
  3495 | D:4      | Found a bloodstained altar of Trog.
  3637 | D:5      | Reached XP level 8. HP: 45/61 MP: 10/13
  3748 | D:5      | Found a stormy altar of Qazlal.
  3854 | D:5      | Noticed Dowan
  3857 | D:5      | Noticed Duvessa
  4065 | D:5      | Learned a level 5 spell: Borgnjor's Vile Clutch
  4069 | D:5      | Learned a level 3 spell: Regeneration
  4074 | D:5      | Learned a level 4 spell: Animate Dead
  4196 | D:5      | Found an ornate altar of the Wu Jian Council.
  4602 | D:5      | Killed Dowan
  4666 | D:5      | Killed Duvessa
  4933 | D:6      | Reached skill level 5 in Spellcasting
  5083 | D:6      | Reached skill level 8 in Necromancy
  5270 | D:6      | Reached XP level 9. HP: 50/68 MP: 10/16
  5346 | D:6      | Found a shimmering altar of Xom.
  5374 | D:6      | Found a hide-covered altar of Uskayaw.
  5395 | D:6      | Found a blossoming altar of Fedhas.
  5451 | D:6      | Noticed Gargoyl's ghost (novice CeAK)
  6093 | D:7      | Found a staircase to the Ecumenical Temple.
  6169 | Temple   | Entered the Ecumenical Temple
  6294 | Temple   | Became a worshipper of Vehumet
  6986 | D:6      | Found Gaucrip's Food Shoppe.
  8050 | D:10     | Entered Level 10 of the Dungeon
  8110 | D:9      | Found a staircase to the Lair.
  8429 | Lair:1   | Entered Level 1 of the Lair of Beasts
  8516 | Lair:1   | Noticed a komodo dragon
  8536 | Lair:1   | HP: 3/68 [yak (11)]
  8536 | Lair:1   | Mangled by a yak

Skill      XL: |  1  2  3  4  5  6  7  8  9 |
---------------+----------------------------+-----
Dodging        | 2 |  2.9
Spellcasting   | 2 3 4 5 6 |  6.5
Unarmed Combat | 1 |  1.5
Fighting       | 1 2 |  2.9
Necromancy     | 5 6 7 8 |  8.9
Short Blades   | 2 3 |  3.3
Stealth        | 3 |  3.0

Action                   |  1- 3 |  4- 6 |  7- 9 || total
-------------------------+-------+-------+-------++-------
Melee: Unarmed           |   103 |    17 |   313 ||   433
       Dagger            |       |    56 |    61 ||   117
       Punch             |       |       |     2 ||     2
Throw: Stone             |       |       |     2 ||     2
 Cast: Pain              |    44 |    49 |   260 ||   353
       Animate Skeleton  |     2 |       |     5 ||     7
       Animate Dead      |       |       |     1 ||     1
       Regeneration      |       |       |     1 ||     1
  Use: Potion            |     1 |     1 |     7 ||     9
       Scroll            |       |    11 |    18 ||    29
 Stab: Sleeping          |     1 |       |     2 ||     3
  Eat: Chunk             |    18 |     6 |    19 ||    43
       Ration            |     1 |       |     2 ||     3
Armor: Robe              |    26 |    22 |   120 ||   168
       Skin              |       |       |     1 ||     1
Dodge: Dodged            |    66 |    44 |   242 ||   352
